 Dungeon Crawl Stone Soup version 0.31-a0-45-g5f0c076935 (webtiles) character file.

Game seed: 1007316256282069755

3645 edwardauron the Fanfare of Bloodshed (level 9, -4/72 HPs)
             Began as a Demonspawn Fighter on May 22, 2023.
             Was a Believer of Makhleb.
             Slain by a two-headed ogre
             ... wielding a +0 giant club
              (12 damage)
             ... on level 8 of the Dungeon.
             The game lasted 00:08:39 (8189 turns).

edwardauron the Fanfare of Bloodshed (DsFi)         Turns: 8189, Time: 00:08:40

Health: -4/72      AC: 10    Str: 26    XL:     9   Next: 88%
Magic:  14/14      EV:  9    Int: 12    God:    Makhleb [**....]
Gold:   194        SH: 11    Dex: 13    Spells: 8/8 levels left

rFire   . . .        a - +1 war axe (heavy)
rCold   + + +        q - +1 kite shield
rNeg    . . .        B - +0 scale mail of Gallantry {rElec rC+++ Int-2}
rPois   .            (helmet unavailable)
rElec   +            (no cloak)
rCorr   .            (no gloves)
SInv    +            s - +1 pair of boots
Will    +....        y - amulet of the acrobat Stlth
                     A - ring of the Trilobite {Str+6 Int+4}
HPRegen 0.32/turn    z - ring of willpower
MPRegen 0.14/turn

%: acrobat
@: no status effects
A: antennae 3, ignite blood 1, spiny 2
a: Renounce Religion, Minor Destruction


You were on level 8 of the Dungeon.
You worshipped Makhleb.
Makhleb was pleased with you.
You visited 1 branch of the dungeon, and saw 8 of its levels.

You collected 628 gold pieces.
You spent 434 gold pieces at shops.

Inventory:

Hand Weapons
 a - a +1 heavy war axe (weapon)
Missiles
 e - 4 javelins (quivered)
 h - 15 poisoned darts
Armour
 j - the +0 ring mail of Intercession {rN+ Will+}
   (You found it on level 5 of the Dungeon)

   rN:        It protects you from negative energy.
   Will:      It increases your willpower.
 q - a +1 kite shield (worn)
 s - a +1 pair of boots (worn)
 B - the +0 scale mail of Gallantry (worn) {rElec rC+++ Int-2}
   (You bought it in a shop on level 8 of the Dungeon)

   Int:       It affects your intelligence (-2).
   rC:        It renders you almost immune to cold.
   rElec:     It insulates you from electricity.
Jewellery
 m - a ring of flight
 y - an amulet of the acrobat (around neck)
 z - a ring of willpower (right hand)
 A - the ring of the Trilobite (left hand) {Str+6 Int+4}
   (You bought it in a shop on level 8 of the Dungeon)

   [ring of strength]

   Str:       It affects your strength (+6).
   Int:       It affects your intelligence (+4).
Wands
 t - a wand of iceblast (10)
 w - a wand of mindburst (10)
Scrolls
 g - 3 scrolls of immolation
 i - 2 scrolls of teleportation
 l - 2 scrolls of vulnerability
 v - a scroll of amnesia
 C - a scroll of summoning {unknown}
Potions
 b - 3 potions of haste {unknown}
 c - 3 potions of ambrosia {unknown}
 d - 3 potions of might
 f - a potion of degeneration {unknown}
 k - 5 potions of curing {unknown}
 n - 3 potions of flight
 o - a potion of heal wounds {unknown}
 p - a potion of attraction {unknown}
 r - a potion of cancellation {unknown}
 u - 3 potions of mutation {unknown}
 x - 2 potions of experience {unknown}


   Skills:
 + Level 7.1 Fighting
 + Level 6.3 Axes
 + Level 6.3 Armour
 - Level 0.3 Dodging
 - Level 0.1 Stealth
 + Level 6.2 Shields
 + Level 7.8 Invocations


You had 8 spell levels left.
You didn't know any spells.
Your spell library contained the following spells:

 Spells                   Type           Power      Damage    Failure   Level
 Blink                    Tloc           0%         N/A       90%         2
 Lesser Beckoning         Tloc           0%         N/A       90%         2
 Momentum Strike          Conj/Tloc      0%         3d8       90%         2
 Sublimation of Blood     Necr           0%         N/A       90%         2
 Inner Flame              Hex/Fire       0%         N/A       99%         3
 Flame Wave               Conj/Fire      0%         2d4       100%        4
 Petrify                  Tmut/Erth      0%         N/A       100%        4
 Sticky Flame             Conj/Fire      0%         2d3       100%        4
 Irradiate                Conj/Tmut      0%         3d11      100%        5


Dungeon Overview and Level Annotations

Branches:
Dungeon (8/15)             Temple (0/1) D:6
   Lair: D:8-11

Altars:
Gozag
Makhleb
Sif Muna
Trog

Shops:
D:8 *([[


Innate Abilities, Weirdness & Mutations

You have a pair of large antennae on your head. (SInv)
Your demonic aura sometimes causes spilled blood to erupt in flames.
You are mostly covered in sharp spines.


Message History

Things that are here:
a +0 club; 2 boomerangs; an orc corpse You now have 194 gold pieces (gained 4).
d - 3 potions of might (gained 1)
Things that are here:
a +0 club; an orc corpse
Things that are here:
a +0 club; an orc corpse
Found a stone staircase leading up.
There is a stone staircase leading up here.
There is an entrance to Nivigruh's Antique Armour Shop here.
You can access your shopping list by pressing '$'.
k - 5 golden potions (gained 1)
You sense a monster nearby.
No target in view!
A two-headed ogre comes into view.
It is wielding a +0 giant club and a +0 dire flail.
The two-headed ogre shouts in stereo!
A two-headed ogre is nearby!
The two-headed ogre misses you.
The two-headed ogre hits you with a +0 dire flail.
You hit the two-headed ogre.
The two-headed ogre is lightly wounded.
The two-headed ogre is struck by your spines.
The two-headed ogre hits you with a +0 giant club!!
The two-headed ogre hits you with a +0 dire flail!
You slash the two-headed ogre!
The two-headed ogre is heavily wounded.
The two-headed ogre hits you with a +0 giant club!
The two-headed ogre hits you with a +0 dire flail!
* * * LOW HITPOINT WARNING * * *
You are too injured to fight recklessly!
Okay, then.
Okay, then.
You slash the two-headed ogre!
The two-headed ogre is severely wounded.
The two-headed ogre hits you with a +0 giant club.
* * * LOW HITPOINT WARNING * * *
You block the two-headed ogre's attack.
The two-headed ogre hits you with a +0 giant club!
You die...

#.#.................
#...................
#...........##..####
#...###.###.##..###.
#...##..........##..
#..##..###.######..
###..##...##.##......
.#.#........###+##......
.......@#...............
##.....O#...............
###.#.................#
# ####...............
.........#......
#..####..#...... #..#
..# .. . .. ..


You could see a two-headed ogre.

Vanquished Creatures
  A gargoyle (D:7)
  Sigmund (D:5)
  The ghost of scionoferis the Magician, an amateur DjCj (D:4)
  A water moccasin (D:8)
  An ice beast (D:5)
  A sky beast (D:7)
  2 black bears (D:5)
  7 ogres
  2 centaurs
  3 bullfrogs (D:6)
  3 scorpions
  3 wights (D:8)
  5 killer bees (D:8)
  A howler monkey (D:4)
  2 jellies
  5 orc priests
  7 hounds
  6 iguanas
  A sleepcap (D:5)
  7 orc wizards
  16 adders
  A shadow imp (D:6)
  3 ufetubi
  2 worms
  3 dart slugs
  26 orcs
  10 endoplasms
  2 giant cockroaches
  9 goblins
  4 hobgoblins
  14 jackals
  3 quokkas
  7 ball pythons
  9 bats
  2 frilled lizards (D:2)
  8 kobolds
  7 rats
186 creatures vanquished.

Notes
Turn   | Place    | Note
-------+----------+-------------------------------------------
     0 | D:1      | edwardauron the Demonspawn Fighter began the quest for the
                  | Orb.
     0 | D:1      | Reached XP level 1. HP: 18/18 MP: 1/1
   101 | D:1      | Gained mutation: You are partially covered in sharp spines.
                  | [demonic ancestry]
   101 | D:1      | Reached XP level 2. HP: 21/24 MP: 2/2
   545 | D:1      | Reached XP level 3. HP: 26/29 MP: 3/3
   745 | D:1      | Found a faded altar of an unknown god.
  1095 | D:2      | Gained mutation: You are mostly covered in sharp spines.
                  | [demonic ancestry]
  1095 | D:2      | Reached XP level 4. HP: 27/35 MP: 4/4
  1659 | D:3      | Found a shimmering blue altar of Sif Muna.
  1659 | D:3      | Found a burning altar of Makhleb.
  1667 | D:3      | Became a worshipper of Makhleb the Destroyer
  1793 | D:3      | Reached skill level 1 in Invocations
  1799 | D:3      | Found a bloodstained altar of Trog.
  2340 | D:4      | Found an opulent altar of Gozag.
  2348 | D:4      | Gained mutation: Your demonic aura sometimes causes spilled
                  | blood to erupt in flames. [demonic ancestry]
  2348 | D:4      | Reached XP level 5. HP: 27/42 MP: 6/6
  2499 | D:3      | Gained mutation: You have a pair of small antennae on your
                  | head. [demonic ancestry]
  2499 | D:3      | Reached XP level 6. HP: 12/48 MP: 7/7
  2889 | D:4      | Reached * piety under Makhleb
  3009 | D:4      | Noticed scionoferis's ghost (amateur DjCj)
  3015 | D:4      | Found a runed translucent door.
  3962 | D:4      | Killed scionoferis's ghost
  4053 | D:5      | Entered Level 5 of the Dungeon
  4062 | D:5      | Gained mutation: You have a pair of antennae on your head.
                  | [demonic ancestry]
  4062 | D:5      | Reached XP level 7. HP: 43/55 MP: 9/9
  4299 | D:5      | Reached skill level 5 in Fighting
  4313 | D:5      | Identified the +0 ring mail of Intercession {rN+ Will+}
  4389 | D:5      | Gained mutation: You have a pair of large antennae on your
                  | head. (SInv) [demonic ancestry]
  4389 | D:5      | Reached XP level 8. HP: 61/62 MP: 11/11
  4468 | D:5      | Reached skill level 5 in Invocations
  4834 | D:5      | Noticed Sigmund
  4840 | D:5      | Killed Sigmund
  4841 | D:5      | Reached skill level 5 in Axes
  4841 | D:5      | Reached skill level 5 in Armour
  5003 | D:5      | Reached skill level 5 in Shields
  5437 | D:6      | Reached XP level 9. HP: 58/69 MP: 13/13
  5494 | D:6      | Reached ** piety under Makhleb
  5500 | D:6      | Found a staircase to the Ecumenical Temple.
  6671 | D:7      | Noticed a gargoyle
  6678 | D:7      | Killed a gargoyle
  7564 | D:8      | Found Viocisu's Assorted Antiques.
  7567 | D:8      | Bought a shimmering iron ring for 155 gold pieces
  7567 | D:8      | Identified the ring of the Trilobite {Str+6 Int+4} (You
                  | bought it in a shop on level 8 of the Dungeon)
  7567 | D:8      | Bought a translucent scale mail for 279 gold pieces
  7567 | D:8      | Identified the +0 scale mail of Gallantry {rElec rC+++
                  | Int-2} (You bought it in a shop on level 8 of the Dungeon)
  7579 | D:8      | Found Nivigruh's Antique Armour Shop.
  7593 | D:8      | Found Rixayrr's Weapon Shoppe.
  7670 | D:8      | Found Vurocymm's Antique Armour Shoppe.
  8185 | D:8      | Noticed a two-headed ogre
  8189 | D:8      | Slain by a two-headed ogre

Illustrated notes

Levels and vault maps discovered:
D:1:      psy_arrival_statuary, layout_basic,
          dreamdust_ecumenical_altar_angels_and_demons
D:2:      minmay_skewed_foursquare, layout_loops_ring, minmay_misc_feat_x
D:3:      layout_basic, bloody_trog, jmf_multi_god_temple,
          nicolae_concentric_dashed_squares_wild, serial_park_tiny_1,
          st_stairs_4
D:4:      layout_layer_cave, nicolae_gozag_cash_rules_everything_around_me,
          hellmonk_ghost_happy_afterlife, sigmund_army
D:5:      layout_loops_ring, minmay_joined_circles, uniq_sigmund
D:6:      layout_layer_cave, minmay_temple_entry_mini_moons
D:7:      layout_loops_corners
D:8:      layout_basic, serial_shops, shop, nicolae_stop_n_shop_1, shop,
          nicolae_shop_overgrown_old_shop, hangedman_decor_opposing,
          serial_park_tiny_2

Skill      XL: |  1  2  3  4  5  6  7  8  9 |
---------------+----------------------------+-----
Axes           | 2 3 4 5 6 |  6.3
Shields        | 3 4 5 6 |  6.2
Armour         | 3 4 5 6 |  6.3
Invocations    | 1 2 3 4 6 7 |  7.8
Fighting       | 4 5 6 7 |  7.1
Dodging        | |  0.3
Stealth        | |  0.1

Action                     |  1- 3 |  4- 6 |  7- 9 || total
---------------------------+-------+-------+-------++-------
  Melee: War axe           |    90 |    92 |   156 ||   338
 Invoke: Minor Destruction |       |       |     1 ||     1
    Use: Potion            |       |     2 |       ||     2
         Scroll            |       |     5 |     7 ||    12
 Armour: Scale mail        |    58 |    40 |    18 ||   116
         Ring mail         |       |       |    39 ||    39
  Dodge: Dodged            |    29 |    46 |    73 ||   148
  Block: Buckler           |    32 |     3 |       ||    35
         Kite shield       |       |    47 |   104 ||   151

Table legend: (Time is in decaauts)
 A = Elapsed time spent in this place.
 B = Non-inter-level travel time spent in this place.
 C = Inter-level travel time spent in this place.
 D = Time resting spent in this place.
 E = Time spent auto-exploring this place.
 F = Levels seen in this place.
 G = Mean time per level.
                   A        B        C        D        E       F      G
               +--------+--------+--------+--------+--------+-----+--------+
         Total |   8383 |   8082 |    301 |    782 |   6077 |   8 | 1047.9 |
       Dungeon |   8383 |   8082 |    301 |    782 |   6077 |   8 | 1047.9 |
               +--------+--------+--------+--------+--------+-----+--------+

Top non-repeatable levels by time:
     D:6: 1336 daAuts
     D:4: 1236 daAuts
     D:3: 1226 daAuts
     D:5: 1205 daAuts
     D:7: 1063 daAuts
     D:1: 852 daAuts
     D:2: 821 daAuts
     D:8: 643 daAuts
